AoeStats
← Dafixios

Arena

510192317Analyzed
2v2 RM · 4d ago on Sep 29, 2026· 30m 20s· 4 players
Game mode
Random Map
Map size
Medium (4 player)
Population
200
Speed
Normal
Resources
Standard
Victory
Conquest
Starting age
Dark Age
Ending age
Imperial Age
RankedLock teamsTeams togetherTeam positionsShared explorationLock speedFull tech treeHidden civsTurbo modeCheats
Victory
Defeat
🇨🇴 Turks · Colombia
1290
+11
🇨🇴 Mongols · Colombia
1089
+18
🇲🇽 Vietnamese · Mexico
1178
-15
🇲🇽 Spanish · Mexico
1149
-14
Alexr_93
11:00 Feudal Age
16:40 Castle Age
24:52 Loom
30:13 Elite Skirmisher
Dafixios
10:08 Feudal Age
14:21 Castle Age
12:12 Double-Bit Axe
13:35 Gold Mining
15:30 Loom
17:20 Sanctity
23:36 Elite Skirmisher
chomisplate
9:23 Feudal Age
13:37 Castle Age
11:57 Double-Bit Axe
12:20 Fletching
12:44 Loom
14:48 Gold Mining
19:30 Bodkin Arrow
21:15 Padded Archer Armor
22:37 Wheelbarrow
23:36 Horse Collar
24:34 Ballistics
cubdie
10:02 Feudal Age
11:02 Loom
13:54 Castle Age
12:28 Double-Bit Axe
28:01 Imperial Age
26:26 Padded Archer Armor
28:01 Leather Archer Armor
Connection lost

Rejoining the realm…

Still unreachable

The connection could not be restored.

Session expired

The server has moved on; the page needs a fresh start.